 Dungeon Sprint DCSS version 0.16-a0-3606-g1520cdc (webtiles) character file.

2985 BluebellGnoll the Destroyer (level 9, -2/51 HPs)
             Began as an Octopode Fire Elementalist on Jan 12, 2015.
             Was a High Priest of Vehumet.
             Hit by a tomahawk thrown by a merfolk (15 damage)
             ... in the Dungeon (Sprint V: "Ziggurat Sprint") on Jan 13, 2015.
             The game lasted 00:13:00 (336 turns).

BluebellGnoll the Destroyer (OpFE)                   Turns: 336, Time: 00:13:00

Health: -2/51      AC:  1    Str: 19    XL:     9   Next: 83%
Magic:  17/28      EV:  7    Int: 32    God:    Vehumet [*****.]
Gold:   0          SH:  0    Dex: 25    Spells: 6 memorised, 8 levels left

rFire  . . .     SeeInvis +     F - staff of energy
rCold  . . .     Clarity  .     J - +18 shield of the gong {rElec rN+ MR+ EV-5}
rNeg   + . .     SustAb   .     (helmet restricted)
rPois  +         Gourm    .     (no amulet)
rElec  +         Spirit   .     m - +6 ring of dexterity
rCorr  .         Warding  .     n - +6 ring of dexterity (curse)
rMut   .         NoTele   +     o - +6 ring of intelligence
MR     +....                    p - +6 ring of intelligence
Stlth  ++++......               q - +6 ring of strength
                                r - +6 ring of strength (curse)
                                M - ring of see invisible
                                S - ring of poison resistance

@: held, somewhat resistant to hostile enchantments, stealthy
A: almost no armour, amphibious, 8 rings, constrict 8, camouflage 1, gelatinous
body 1
a: Renounce Religion


You were in the Dungeon.
You worshipped Vehumet.
Vehumet was extremely pleased with you.
You were not hungry.

You visited 1 branch

Inventory:

Hand weapons
 I - a +5 broad axe
 O - the +6 mace of Zawnuag {crush, rF+ HP+10}
   (You found it in the Dungeon)

   It inflicts extra damage upon your enemies.
   It protects you from fire.
   It affects your health (+10).
Armour
 J - the +18 shield of the gong (worn) {rElec rN+ MR+ EV-5}
   (You found it in the Dungeon)

   It affects your evasion (-5).
   It insulates you from electricity.
   It protects you from negative energy.
   It affects your resistance to hostile enchantments.
Magical staves
 F - an uncursed staff of energy (weapon)
Jewellery
 m - a +6 ring of dexterity (left tentacle)
 n - a cursed +6 ring of dexterity (right tentacle)
 o - a +6 ring of intelligence (on tentacle)
 p - a +6 ring of intelligence (on tentacle)
 q - a +6 ring of strength (on tentacle)
 r - a cursed +6 ring of strength (on tentacle)
 M - a ring of see invisible (on tentacle)
 S - a ring of poison resistance (on tentacle)
Magical devices
 a - a wand of disintegration (7)
 j - a wand of fire (2)
 k - a wand of cold (5)
 l - a wand of draining (3)
Scrolls
 i - 4 scrolls of blinking
 u - 4 scrolls of amnesia
 v - 3 scrolls of recharging
 w - 7 scrolls of fog
 x - a scroll of holy word
 y - 5 scrolls of identify
 z - 5 scrolls of remove curse
 A - 2 scrolls of fear
 N - a scroll of brand weapon
Potions
 d - 10 potions of curing
 e - 10 potions of heal wounds
 f - 6 potions of haste
 g - 7 potions of magic
 h - 2 potions of berserk rage
 B - 2 potions of brilliance
 C - 2 potions of invisibility
 D - 2 potions of restore abilities
 E - 4 potions of resistance
 G - 5 potions of agility
 H - 5 potions of might
Books
 b - a book of Flames

   Spells                             Type                      Level
   a - Flame Tongue                   Conjuration/Fire             1
   b - Throw Flame                    Conjuration/Fire             2
   c - Conjure Flame                  Conjuration/Fire             3
   d - Inner Flame                    Hexes/Fire                   3
   e - Sticky Flame                   Conjuration/Fire             4
   f - Fireball                       Conjuration/Fire             5
 L - a book of Necromancy

   Spells                             Type                      Level
   a - Pain                           Necromancy                   1
   b - Animate Skeleton               Necromancy                   1
   c - Vampiric Draining              Necromancy                   3
   d - Regeneration                   Charms/Necromancy            3
   e - Animate Dead                   Necromancy                   4
   f - Control Undead                 Necromancy                   4
 P - a book of Envenomations

   Spells                             Type                      Level
   a - Spider Form                    Transmutation/Poison         3
   b - Alistair's Intoxication        Transmutation/Poison         4
   c - Olgreb's Toxic Radiance        Poison                       4
   d - Poisonous Cloud                Conjuration/Poison/Air       6
Miscellaneous
 Q - a fan of gales
 R - a box of beasts
 T - a phial of floods
Comestibles
 c - 5 bread rations
 s - 42 fruits
 t - 4 meat rations
 K - 10 chunks of flesh


   Skills:
 * Level 8.4 Dodging
 - Level 2.6 Stealth
 - Level 7.3 Shields
 - Level 10.8 Spellcasting
 * Level 13.6 Conjurations
 - Level 3.0 Fire Magic
 * Level 5.6 Air Magic
 - Level 4.7 Poison Magic


You had 8 spell levels left.
You knew the following spells:

 Your Spells              Type           Power        Failure   Level  Hunger
a - Flame Tongue          Conj/Fire      #####        1%          1    None
b - Throw Flame           Conj/Fire      ######       1%          2    None
c - Poisonous Cloud       Conj/Pois/Air  ######....   10%         6    None
d - Regeneration          Chrm/Necr      ###.......   17%         3    None
e - Sticky Flame          Conj/Fire      ######..     1%          4    None
f - Fireball              Conj/Fire      ######....   1%          5    None


Dungeon Overview and Level Annotations

Branches:
Dungeon (1/1)

Altars:
Ashenzari
Cheibriados
Dithmenos
Elyvilon
Fedhas
Gozag
Kikubaaqudgha
Makhleb
Nemelex Xobeh
Okawaru
Qazlal
Ru
Sif Muna
Trog
Vehumet
Xom
Yredelemnul
Zin
The Shining One
Beogh
Jiyva
Lugonu


Innate Abilities, Weirdness & Mutations

You cannot wear most types of armour.
You are amphibious.
You can wear up to eight rings at the same time.
You can use your tentacles to constrict many enemies at once.
Your skin changes colour to match your surroundings (Stealth).
Your rubbery body absorbs attacks (AC +1).


Message History

You kill the centaur!
Vehumet accepts your kill.
You feel your power returning.
Your skin stops crawling.
The merfolk throws a tomahawk.
The tomahawk hits you!
* * * LOW HITPOINT WARNING * * *
Unknown command.
Unknown command.
Unknown command.
Casting: Fireball
Confirm with . or Enter, or press ? or * to list all spells.
Aiming: Fireball
Press: ? - help, Shift-Dir - straight line The fireball explodes!
The fireball engulfs the merfolk.
You kill the merfolk!
Vehumet accepts your kill.
You feel your power returning.
The fireball engulfs the merfolk.
The merfolk is almost dead.
The merfolk throws a tomahawk.
The tomahawk hits you!
You die...

8©8
▓...))..▓
▓.m)}:..▓
▓....(..▓
▓...H...▓
▓.....m.▓
▓...)...▓
▓.......▓
▓...@...▓
▓▓▓▓▓▓▓▓▓


You could see 2 merfolk and a hippogriff.

Vanquished Creatures
  A deep elf knight (D)
  A death scarab (D)
  A cyclops (D)
  A merfolk (D)
  2 spriggans (D)
  A deep elf mage (D)
  A wolf (D)
  2 porcupines (D)
  A phantom (D)
  A black bear (D)
  A necrophage (D)
  A centaur (D)
  2 giant frogs (D)
  2 iron imps (D)
  A sheep (D)
  2 mummies (D)
  A white imp (D)
  An adder skeleton (D)
  3 adder zombies (D)
  A jackal (D)
27 creatures vanquished.

Notes
Turn   | Place    | Note
--------------------------------------------------------------
     0 | D        | BluebellGnoll, the Octopode Fire Elementalist, began the quest for the Orb.
     0 | D        | Reached XP level 1. HP: 11/11 MP: 3/3
     0 | D        | Found a viscous altar of Jiyva.
     0 | D        | Found a corrupted altar of Lugonu.
     0 | D        | Found a white marble altar of Elyvilon.
     2 | D        | Found a sparkling altar of Nemelex Xobeh.
     2 | D        | Found a burning altar of Makhleb.
     2 | D        | Found a deep blue altar of Sif Muna.
     3 | D        | Found a bloodstained altar of Trog.
     6 | D        | Found an iron altar of Okawaru.
    15 | D        | Found a radiant altar of Vehumet.
    16 | D        | Found a basalt altar of Yredelemnul.
    24 | D        | Found a shimmering altar of Xom.
    32 | D        | Became a worshipper of Vehumet
    48 | D        | Reached skill level 7 in Shields
    48 | D        | Reached XP level 2. HP: 17/17 MP: 4/4
    52 | D        | Learned a level 2 spell: Throw Flame
    65 | D        | Entered arena 1.
    65 | D        | Noticed a deep elf knight
    65 | D        | Noticed a deep elf mage
    69 | D        | Killed a deep elf knight
    69 | D        | Reached skill level 8 in Spellcasting
    69 | D        | Reached skill level 10 in Conjurations
    69 | D        | Reached XP level 3. HP: 21/21 MP: 4/16
    69 | D        | Reached XP level 4. HP: 27/27 MP: 4/18
    69 | D        | Reached XP level 5. HP: 31/31 MP: 4/20
    69 | D        | Reached XP level 6. HP: 36/36 MP: 4/22
    69 | D        | Reached XP level 7. HP: 41/41 MP: 4/23
    70 | D        | Killed a deep elf mage
    82 | D        | Learned a level 4 spell: Sticky Flame
    88 | D        | Learned a level 5 spell: Fireball
    92 | D        | Learned a level 3 spell: Regeneration
   175 | D        | Entered arena 2.
   175 | D        | Noticed an iron imp
   175 | D        | Noticed an iron imp
   176 | D        | Acquired Vehumet's first power
   176 | D        | Offered knowledge of Freeze by Vehumet.
   181 | D        | Killed an iron imp
   181 | D        | Reached skill level 11 in Conjurations
   182 | D        | Killed an iron imp
   210 | D        | Entered arena 3.
   210 | D        | Noticed a black bear
   210 | D        | Noticed a spriggan
   210 | D        | Noticed a spriggan
   210 | D        | Noticed a wolf
   211 | D        | Killed a wolf
   211 | D        | Reached skill level 10 in Spellcasting
   211 | D        | Reached XP level 8. HP: 46/46 MP: 20/26
   211 | D        | Killed a spriggan
   211 | D        | Killed a spriggan
   211 | D        | Reached skill level 12 in Conjurations
   213 | D        | Killed a black bear
   240 | D        | Entered arena 4.
   240 | D        | Noticed a death scarab
   241 | D        | Acquired Vehumet's second power
   241 | D        | Killed a death scarab
   241 | D        | Reached skill level 5 in Dodging
   241 | D        | Reached skill level 13 in Conjurations
   241 | D        | Reached XP level 9. HP: 51/51 MP: 26/28
   248 | D        | Got the +6 mace of Zawnuag {crush, rF+ HP+10}
   252 | D        | Upgraded the game from 0.16-a0-3596-g438c78e to 0.16-a0-3606-g1520cdc
   262 | D        | Learned a level 6 spell: Poisonous Cloud
   270 | D        | Entered arena 5.
   270 | D        | Noticed a necrophage
   270 | D        | Noticed a phantom
   271 | D        | Acquired Vehumet's third power
   272 | D        | Killed a necrophage
   272 | D        | Reached skill level 1 in Air Magic
   272 | D        | Reached skill level 1 in Poison Magic
   275 | D        | Killed a phantom
   302 | D        | Entered arena 6.
   302 | D        | Noticed a porcupine
   302 | D        | Noticed a porcupine
   302 | D        | Noticed a giant frog
   302 | D        | Noticed a giant frog
   303 | D        | Killed a giant frog
   304 | D        | Killed a porcupine
   304 | D        | Killed a giant frog
   307 | D        | Killed a porcupine
   332 | D        | Entered arena 7.
   332 | D        | Noticed a merfolk
   332 | D        | Noticed a merfolk
   332 | D        | Noticed a hippogriff
   332 | D        | Noticed a centaur
   332 | D        | Noticed a cyclops
   332 | D        | Noticed a merfolk
   333 | D        | Identified the +3 long sword "Xanymiax" {venom, rElec rF+ rN+ MR+}
   334 | D        | Killed a cyclops
   334 | D        | Offered knowledge of Shock by Vehumet.
   334 | D        | Reached skill level 5 in Air Magic
   335 | D        | Killed a centaur
   336 | D        | Killed a merfolk
   336 | D        | Hit by a tomahawk thrown by a merfolk

Action                   |  1- 3 |  4- 6 |  7- 9 || total
-------------------------+-------+-------+-------++-------
Melee: Broad axe         |       |       |     2 ||     2
 Cast: Fireball          |       |       |    12 ||    12
       Regeneration      |       |       |     5 ||     5
       Flame Tongue      |       |       |     5 ||     5
       Sticky Flame      |       |       |     1 ||     1
Evoke: Wand              |     3 |       |     2 ||     5
       Staff of energy   |       |       |    15 ||    15
  Use: Potion            |     1 |       |     1 ||     2
